 Dungeon Crawl Stone Soup version 0.26-a0-818-g75db068ed4 (webtiles) character file.

Game seed: 1129600101938224042

4435 sahdkjhfkaj the Shield-Bearer (level 10, -8/126 HPs)
             Began as a Minotaur Air Elementalist on Nov 14, 2020.
             Was an Initiate of Gozag.
             Mangled by an orc warrior
             ... wielding a +0 battleaxe of flaming
              (13 damage)
             ... on level 9 of the Dungeon.
             The game lasted 00:20:30 (11725 turns).

sahdkjhfkaj the Shield-Bearer (MiAE)               Turns: 11725, Time: 00:20:30

Health: -8/126     AC: 29    Str: 16    XL:     10   Next: 14%
Magic:  11/11      EV:  2    Int: 12    God:    Gozag
Gold:   1349       SH: 10    Dex: 11    Spells: 10/11 levels left

rFire    . . .     SeeInvis +   a - +0 hand axe
rCold    . . .     Faith    .   K - +0 kite shield
rNeg     + + +     Spirit   .   (armour currently unavailable)
rPois    +         Reflect  .   (helmet currently unavailable)
rElec    .         Harm     .   (cloak currently unavailable)
rCorr    .         Rampage  .   (gloves currently unavailable)
MR       .....     NoTele   +   (boots currently unavailable)
Stlth    ++........             F - amulet of the acrobat
HPRegen  0.31/turn              y - +4 ring of protection
MPRegen  0.12/turn              u - ring of see invisible

@: tree-form, gold aura
A: (retaliatory headbutt)
a: Potion Petition, Call Merchant, Bribe Branch, Renounce Religion


You were on level 9 of the Dungeon.
You worshipped Gozag.
Gozag was most pleased with you.
You were a tree.
You visited 2 branches of the dungeon, and saw 10 of its levels.

You collected 1387 gold pieces.
You paid 38 gold pieces to Gozag.

Inventory:

Hand Weapons
 a - a +0 hand axe (weapon)
 b - a +1 dagger of venom
Missiles
 i - 7 sling bullets
 t - 2 throwing nets (quivered) {!f}
Armour
 g - a +2 pair of gloves (melded)
 s - a +0 chain mail (melded)
 v - a +0 buckler
 x - a +0 cloak of magic resistance (melded)
 J - a +2 hat of magic resistance (melded)
 K - a +0 kite shield (worn)
Jewellery
 u - a ring of see invisible (right branch)
 y - a +4 ring of protection (left branch)
 F - an amulet of the acrobat (around neck)
Wands
 c - a wand of iceblast (2)
 A - a wand of disintegration (7)
 I - a wand of enslavement (11)
Scrolls
 d - a scroll of immolation {!r}
 h - a scroll of teleportation {!r}
 j - 3 scrolls of amnesia {!r}
 k - a scroll of blinking {!r}
 m - 2 scrolls of remove curse {!r}
 n - 2 scrolls of magic mapping {!r}
 q - 3 scrolls of enchant weapon {!r}
 C - 2 scrolls of enchant armour {!r, unknown}
 G - a scroll of identify {!r}
Potions
 e - 2 potions of flight {!q}
 f - 3 potions of curing {!q}
 l - 3 potions of berserk rage {!q, unknown}
 o - 2 potions of lignification {!q}
 p - 2 potions of heal wounds {!q, unknown}
 r - a potion of ambrosia {!q, unknown}
 w - 4 potions of brilliance {!q, unknown}
 z - a potion of attraction {!q, unknown}
 B - 2 potions of degeneration {!q, unknown}
 D - a potion of might {!q, unknown}
 E - a potion of mutation {!q, unknown}
 H - a potion of haste {!q, unknown}


   Skills:
 + Level 6.4 Fighting
 - Level 5.0 Short Blades
 * Level 6.6 Axes
   Level 3.0 Slings
 + Level 6.4 Armour
 + Level 6.2 Dodging
 - Level 1.5 Stealth
 - Level 6.8 Shields
 - Level 1.3 Spellcasting
 - Level 0.6 Conjurations
 - Level 2.1 Air Magic
 - Level 5.0 Evocations


You had 10 spell levels left.
You knew the following spells:

 Your Spells              Type           Power        Failure   Level
a - Shock                 Conj/Air       #...         43%         1

Your spell library contained the following spells:

 Spells                   Type           Power        Failure   Level
 Swiftness                Air            #.......     45%         2
 Corona                   Hex            #......      63%         1
 Slow                     Hex            #.......     77%         2
 Static Discharge         Conj/Air       #.......     80%         3
 Inner Flame              Hex/Fire       #.......     94%         3
 Portal Projectile        Hex/Tloc       #.....       94%         3
 Airstrike                Air            #.........   97%         4
 Cause Fear               Hex            #.........   100%        4
 Leda's Liquefaction      Hex/Erth       #.........   100%        4
 Lightning Bolt           Conj/Air       #.........   100%        5


Dungeon Overview and Level Annotations

Branches:
Dungeon (9/15)             Temple (1/1) D:7            Lair (0/6) D:8
    Orc: D:9-12

Altars:
Ashenzari
Cheibriados
Dithmenos
Elyvilon
Fedhas
Gozag
Hepliaklqana
Kikubaaqudgha
Makhleb
Nemelex Xobeh
Okawaru
Qazlal
Ru
Sif Muna
Trog
Uskayaw
Vehumet
Wu Jian
Xom
Yredelemnul
Zin
The Shining One

Shops:
D:8 }   D:9 (

Annotations:
D:8 exclusion: oklob plant
D:9 two-headed ogre


Innate Abilities, Weirdness & Mutations

((You reflexively headbutt those who attack you in melee.))
((You have a pair of horns on your head.))
((Armour fits poorly on your strangely shaped body.))


Message History

* * * LOW HITPOINT WARNING * * *
The orc warrior burns you.
* * * LOW HITPOINT WARNING * * *
The orc wizard hits you but does no damage.
Unknown command.
You slash the orc warrior!
The orc warrior is moderately wounded.
You miss the orc wizard.
You feel less confused.
The orc wizard casts a spell.
The orc wizard blinks!
The orc wizard becomes distracted by the nearby gold, dreaming of imaginary riches.
You hit the orc warrior.
The orc warrior is moderately wounded.
You closely miss the orc wizard.
The orc wizard is no longer distracted by gold.
The orc becomes distracted by the nearby gold, dreaming of imaginary riches.
The orc warrior hits you with a +0 battleaxe of flaming!
You die...
Your body crumbles into a pile of gold.

....#.....#####... ..
#...#.....#...# . .
#...#.....'...#
#...#.....#...# ..o.
#...#.....#...# ....
#...'.....#...# .....
#...#.....#...# ...o.
#...#.....#o###......
#####....o$♣$.#......
##...#...o.#o$.'......
#....#.....#...#.....
#<...#.....#...# ....
#....#.....#...# >.
#....'.....#...#
######.....#...#
###########$


You could see an orc warrior, 2 orc wizards and an orc (unaware).

Vanquished Creatures
  2 hornets
  2 wyverns
  5 yaks (D:7)
  A basilisk (D:8)
  3 water moccasins
  Purgy (D:3)
  A sky beast (D:9)
  2 black bears
  3 ogres
  2 centaurs
  A big kobold (D:8)
  3 bullfrogs
  A water moccasin zombie (D:6)
  3 water moccasin skeletons
  3 scorpions
  4 killer bees (D:9)
  A howler monkey (D:8)
  A centaur zombie (D:7)
  Crazy Yiuf (D:4)
  3 hounds
  8 jellies
  2 orc priests
  3 orc wizards
  2 worker ants
  An iguana (D:7)
  A hound zombie (D:6)
  Robin (D:3)
  10 adders
  A shadow imp (D:8)
  2 white imps
  2 ufetubi (D:5)
  19 oozes
  3 worms
  3 dart slugs
  6 leopard geckos
  19 orcs
  7 giant cockroaches
  13 goblins
  7 hobgoblins
  19 jackals
  13 kobolds
  A quokka (D:4)
  3 ball pythons (D:1)
  7 bats
  5 frilled lizards
  7 rats
  A spectral orc (D:7)
209 creatures vanquished.

Vanquished Creatures (others)
  An ogre (D:3)
  5 fungi (D:8)
  20 plants (D:8)
26 creatures vanquished.

Grand Total: 235 creatures vanquished

Notes
Turn   | Place    | Note
-------+----------+-------------------------------------------
     0 | D:1      | sahdkjhfkaj the Minotaur Air Elementalist began the quest
                  | for the Orb.
     0 | D:1      | Reached XP level 1. HP: 14/14 MP: 1/1
   110 | D:1      | Reached skill level 1 in Fighting
   162 | D:1      | Reached XP level 2. HP: 11/24 MP: 0/3
   167 | D:1      | Reached skill level 1 in Armour
   601 | D:1      | Reached XP level 3. HP: 23/29 MP: 4/4
  1444 | D:2      | Reached skill level 1 in Slings
  1478 | D:2      | Reached XP level 4. HP: 37/37 MP: 5/5
  2196 | D:3      | Reached skill level 1 in Shields
  2202 | D:3      | Killed an ogre
  2378 | D:3      | Found an opulent altar of Gozag.
  2419 | D:3      | Became a worshipper of Gozag Ym Sagoz the Greedy
  2537 | D:3      | Found a radiant altar of Vehumet.
  2593 | D:3      | Noticed Robin
  2613 | D:3      | Reached XP level 5. HP: 39/42 MP: 6/6
  2618 | D:3      | Killed Robin
  2679 | D:3      | Found a shimmering altar of Xom.
  2948 | D:3      | Noticed Purgy
  2957 | D:3      | Killed Purgy
  3244 | D:3      | Reached XP level 6. HP: 50/50 MP: 7/7
  3858 | D:4      | Found a burning altar of Makhleb.
  3865 | D:4      | Found an ornate altar of the Wu Jian Council.
  3912 | D:4      | Found a runed translucent door.
  3913 | D:4      | Noticed Crazy Yiuf
  4263 | D:4      | Killed Crazy Yiuf
  4392 | D:4      | Got a faintly glowing mace
  4392 | D:4      | Identified the +5 mace of Vupojoim {vorpal, *Contam rPois
                  | MR++ Dex+3} (You found it on level 4 of the Dungeon)
  4436 | D:4      | Gained mutation: Armour fits poorly on your strangely
                  | shaped body. [mutagenic glow]
  4508 | D:5      | Entered Level 5 of the Dungeon
  4562 | D:4      | Reached skill level 5 in Short Blades
  4677 | D:5      | Reached XP level 7. HP: 46/57 MP: 8/8
  5577 | D:6      | Reached skill level 5 in Fighting
  6138 | D:7      | Reached skill level 5 in Armour
  6141 | D:7      | Reached XP level 8. HP: 68/68 MP: 9/9
  6228 | D:7      | Reached skill level 1 in Axes
  6733 | D:7      | Found a staircase to the Ecumenical Temple.
  7116 | D:7      | Found a basalt altar of Yredelemnul.
  7289 | D:7      | Got a pitted flail
  7290 | D:7      | Identified the +10 flail "Kymoxzof" {freeze, rElec Int+7
                  | Dex+3} (You found it on level 7 of the Dungeon)
  7307 | Temple   | Entered the Ecumenical Temple
  7570 | D:8      | Noticed a hornet
  7574 | D:8      | Paralysed by a hornet for 1 turns
  7826 | D:7      | Reached skill level 5 in Dodging
  8055 | D:7      | Reached skill level 5 in Shields
  8155 | D:8      | Paralysed by a hornet for 3 turns
  8160 | D:8      | Found a staircase to the Lair.
  8513 | D:8      | Reached XP level 9. HP: 46/74 MP: 10/10
  8610 | D:7      | Reached skill level 5 in Axes
  8621 | D:7      | HP: 3/111 [wyvern (10)]
  9447 | D:8      | Paralysed by a hornet for 1 turns
  9984 | D:8      | Reached skill level 1 in Evocations
 10046 | D:8      | Found Tenil's Gadget Boutique.
 10140 | D:8      | Noticed an oklob plant
 10900 | D:9      | Paralysed by a hornet for 2 turns
 10909 | D:9      | Reached XP level 10. HP: 41/84 MP: 11/11
 11135 | D:9      | Found Jiluxene's Weapon Emporium.
 11643 | D:9      | Noticed a two-headed ogre
 11711 | D:9      | HP: 2/84 [poisoned by a killer bee]
 11712 | D:9      | Reached skill level 5 in Evocations
 11723 | D:9      | HP: 5/126 [orc warrior/+0 battleaxe of flaming (3)]
 11725 | D:9      | Mangled by an orc warrior

Illustrated notes

Levels and vault maps discovered:
D:1:      psy_arrival_radial01, layout_loops_ring, lemuel_old_faithful
D:2:      layout_loops_ring
D:3:      layout_basic, nicolae_overflow_hidden_temple,
          nicolae_gozag_cash_rules_everything_around_me, fiery_altar_vehumet,
          serial_corexii_hall, corexii_hall_statues_i, corexii_hall_statues_x,
          uniq_purgy, uniq_robin
D:4:      layout_cave_pools, minitemple, kennysheep_decorative_pillar,
          kennysheep_generic_room_14, uniq_crazy_yiuf_cottage
D:5:      layout_cave_pools, minmay_parallelograms
D:6:      layout_rooms
D:7:      layout_loops_ring, yredelemnul_forgotten_temple_becter,
          minmay_temple_entry_water_ring
D:8:      lemuel_slime, layout_rooms, minmay_lair_entry_grove, serial_shops,
          nicolae_shop_crystal, grunt_ministairs_9
D:9:      layout_gridville, serial_shops, nicolae_shop_crystal,
          nicolae_benzene_ring
Temple:   eino_temple_scatter_basement

Skill      XL: |  1  2  3  4  5  6  7  8  9 10 |
---------------+-------------------------------+-----
Fighting       | 2 3 5 6 |  6.4
Armour         | 2 5 6 |  6.4
Slings         | 1 2 3 |  3.0
Shields        | 2 4 5 6 |  6.8
Short Blades   | 2 5 |  5.0
Axes           | 4 6 |  6.6
Dodging        | 5 6 |  6.2
Evocations     | 3 5 |  5.0
Stealth        | |  1.5
Spellcasting   | |  1.3
Conjurations   | |  0.6
Air Magic      | |  2.1

Action                   |  1- 3 |  4- 6 |  7- 9 | 10-12 || total
-------------------------+-------+-------+-------+-------++-------
Melee: Unarmed           |    31 |       |       |       ||    31
       Headbutt          |    22 |    13 |    64 |    10 ||   109
       Dagger            |    67 |    96 |   180 |       ||   343
       Hand axe          |       |       |   179 |    87 ||   266
 Fire: Hunting sling     |    15 |   126 |   164 |       ||   305
 Cast: Shock             |     4 |       |       |       ||     4
Evoke: Wand              |       |       |     1 |       ||     1
  Use: Scroll            |       |     5 |     9 |     1 ||    15
       Potion            |       |       |     2 |     2 ||     4
 Stab: Distracted        |       |     1 |     2 |       ||     3
Armor: Robe              |    23 |       |       |       ||    23
       Ring mail         |     1 |     4 |       |       ||     5
       Chain mail        |       |   127 |   227 |    93 ||   447
       Skin              |       |       |    12 |     9 ||    21
Dodge: Dodged            |    67 |    45 |   123 |    51 ||   286
Block: Buckler           |       |    35 |    27 |       ||    62
       Kite shield       |       |       |   120 |    75 ||   195

Table legend: (Time is in decaauts)
 A = Elapsed time spent in this place.
 B = Non-inter-level travel time spent in this place.
 C = Inter-level travel time spent in this place.
 D = Time resting spent in this place.
 E = Time spent auto-exploring this place.
 F = Levels seen in this place.
 G = Mean time per level.
                   A        B        C        D        E       F      G
               +--------+--------+--------+--------+--------+-----+--------+
         Total |  11692 |  10949 |    743 |   2323 |   6684 |  10 | 1169.2 |
       Dungeon |  11525 |  10795 |    730 |   2323 |   6534 |   9 | 1280.6 |
        Temple |    167 |    154 |     13 |      0 |    150 |   1 |  167.0 |
               +--------+--------+--------+--------+--------+-----+--------+

Top non-repeatable levels by time:
     D:7: 3280 daAuts
     D:8: 1765 daAuts
     D:3: 1457 daAuts
     D:1: 1416 daAuts
     D:4: 983 daAuts
     D:5: 915 daAuts
     D:2: 749 daAuts
     D:6: 542 daAuts
     D:9: 414 daAuts
  Temple: 167 daAuts
